 Dungeon Crawl Stone Soup version 0.29.1-15-g9cfb28693d (webtiles) character file.

Game seed: 11309713038847661855

133749 KamiKatze the Severer (level 16, 0/147 HPs)
             Began as a Minotaur Berserker on Mar 13, 2023.
             Was the Champion of Trog.
             Slain by a +2 vorpal halberd (23 damage)
             ... on level 1 of the Elven Halls on Mar 14, 2023.
             The game lasted 01:40:22 (23493 turns).

KamiKatze the Severer (Minotaur Berserker)         Turns: 23493, Time: 01:40:22

Health: 0/147      AC: 31    Str: 29    XL:     16   Next: 60%
Magic:  15/15      EV: 15    Int:  6    God:    Trog [******]
Gold:   554        SH: 16    Dex: 20    Spells: 15/15 levels left

rFire   + . .      SeeInvis .   a - +4 broad axe (vamp)
rCold   + + .      Faith    .   M - +1 kite shield
rNeg    . . .      Spirit   .   e - +2 plate armour {rC+}
rPois   .          Reflect  .   F - +2 hat {Will+}
rElec   +          Harm     .   G - scarf {rC+ rF+}
rCorr   .          Rampage  .   O - +2 pair of gloves of Howling Wind {rElec Int+2 Dex+9 Stlth+}
Will    ++...                   R - +2 pair of boots
Stlth   ..........              s - amulet of Zararch {Regen+ Slay+2}
HPRegen 1.14/turn               h - +4 ring of slaying
MPRegen 0.14/turn               A - +4 ring of protection

@: slowed, very slow
A: horns 2, retaliatory headbutt
a: Renounce Religion, Berserk, Trog's Hand, Brothers in Arms


You were on level 1 of the Elven Halls.
You worshipped Trog.
Trog was exalted by your worship.
You visited 5 branches of the dungeon, and saw 24 of its levels.

You collected 2407 gold pieces.
You spent 1853 gold pieces at shops.

Inventory:

Hand Weapons
 a - a +4 vampiric broad axe (weapon)
 p - a +3 antimagic battleaxe
 w - a +1 broad axe of flaming
 E - a +1 battleaxe of flaming
 V - a +3 broad axe
 X - a +0 morningstar of holy wrath
 Y - a +3 executioner's axe
Missiles
 b - 33 poisoned darts (quivered)
 v - a curare-tipped dart
 J - 4 throwing nets
Armour
 e - a +2 plate armour of cold resistance (worn)
 F - a +2 hat of willpower (worn)
 G - a scarf of resistance (worn)
 M - a +1 kite shield (worn)
 O - the +2 pair of gloves of Howling Wind (worn) {rElec Int+2 Dex+9 Stlth+}
   (You found it on level 8 of the Dungeon)

   Int:       It affects your intelligence (+2).
   Dex:       It affects your dexterity (+9).
   rElec:     It insulates you from electricity.
   Stlth:     It makes you more stealthy.
 R - a +2 pair of boots (worn)
Jewellery
 h - a +4 ring of slaying (left hand)
 s - the amulet of Zararch (around neck) {Regen+ Slay+2}
   (You bought it in a shop on level 5 of the Dungeon)

   [amulet of regeneration]

   Slay:      It affects your accuracy & damage with ranged weapons and melee
   (+2).
   Regen:     It increases your rate of health regeneration.
 A - a +4 ring of protection (right hand)
 S - a ring of ice
Wands
 c - a wand of paralysis (10)
 t - a wand of digging (7)
 y - a wand of mindburst (7)
 z - a wand of acid (13)
 C - a wand of polymorph (18)
 H - a wand of flame (71)
 L - a wand of iceblast (10)
Scrolls
 d - a scroll of poison
 f - 5 scrolls of magic mapping
 g - 2 scrolls of vulnerability
 i - 8 scrolls of immolation
 j - 5 scrolls of butterflies
 k - 2 scrolls of blinking
 l - a scroll of enchant armour
 n - 7 scrolls of teleportation
 q - 3 scrolls of silence
 I - 2 scrolls of summoning
 K - 7 scrolls of identify
 P - a scroll of enchant weapon
 U - 2 scrolls of fear
Potions
 m - 2 potions of heal wounds
 o - 2 potions of flight
 r - 6 potions of curing
 u - 2 potions of haste
 x - 6 potions of lignification
 B - 3 potions of ambrosia
 N - 3 potions of attraction
 Q - 2 potions of invisibility
 T - a potion of cancellation
 W - a potion of berserk rage {unknown}
Miscellaneous
 D - a condenser vane


   Skills:
 + Level 14.7 Fighting
 + Level 19.2 Axes
 - Level 4.0 Throwing
 + Level 13.8 Armour
 + Level 12.8 Dodging
 * Level 16.4 Shields
 + Level 8.2 Evocations


You had 15 spell levels left.
You didn't know any spells.
Your spell library was empty.

Dungeon Overview and Level Annotations

Branches:
Dungeon (15/15)            Temple (1/1) D:4            Lair (5/5) D:8
  Swamp (0/4) Lair:2       Spider (0/4) Lair:3        Slime (0/5) Lair:5
    Orc (2/2) D:9             Elf (1/3) Orc:2        Vaults (0/5) D:13
 Depths (0/4) D:15

Altars:
Ashenzari
Cheibriados
Dithmenos
Elyvilon
Fedhas
Gozag
Hepliaklqana
Kikubaaqudgha
Makhleb
Nemelex Xobeh
Okawaru
Qazlal
Ru
Sif Muna
Trog
Uskayaw
Vehumet
Wu Jian
Xom
Yredelemnul
Zin
The Shining One

Shops:
D:1 *   D:5 (=[*   D:10 (   D:13 ?   Orc:2 ([!(   Elf:1 (

Annotations:
D:10 exclusion: obsidian statue
D:12 3 runed translucent doors, exclusion: 3 doors, EarthwalkerPL's ghost, journeyman FoFi
Lair:1 1 runed translucent door, exclusion: door


Innate Abilities, Weirdness & Mutations

You have a pair of horns on your head.
You reflexively headbutt those who attack you in melee.


Message History

A lance of force appears from out of thin air!
You block the lance of force.
You hear a loud twanging sound.
An arrow appears from out of thin air!
You block the arrow.
The +2 vorpal halberd is engulfed in blazing flames.
The +2 vorpal halberd hits you from afar!
* * * LOW HITPOINT WARNING * * *
x2 You hear some strange, mumbled words.
A lance of force appears from out of thin air!
The lance of force hits you but does no damage.
Something hits you!
* * * LOW HITPOINT WARNING * * *
You block the +2 vorpal halberd's attack.
You hear some strange, mumbled words.
A shard of ice appears from out of thin air!
You block the shard of ice.
The +2 vorpal halberd is engulfed in blazing flames.
The +2 vorpal halberd hits you but does no damage.
You hit something. You headbutt something!
You hit the +2 vorpal halberd but do no damage.
You miss something. Something hits you.
* * * LOW HITPOINT WARNING * * *
You block the +2 vorpal halberd's attack.
Something hits you!
* * * LOW HITPOINT WARNING * * *
Something hits you but does no damage.
The +2 vorpal halberd is engulfed in blazing flames.
The +2 vorpal halberd closely misses you.
You slice something!!
You feel better.
You miss the +2 vorpal halberd.
You closely miss the deep elf pyromancer.
You slice something!!
You feel better. Something barely misses you. You block something's attack.
The +2 vorpal halberd barely misses you.
You hear some strange, mumbled words.
A shard of ice appears from out of thin air!
The shard of ice hits you!! You partially resist.
* * * LOW HITPOINT WARNING * * *
The deep elf pyromancer hits you but does no damage.
Something hits you but does no damage. The +2 vorpal halberd hits you!!
You die...

...........# ...........#
...........# ...........#
...........# ...........#
........)..# .......({..#
#######
.......{@..###.....##
.......e...##.......# ##+
...#.....#.#........##...
.. #.....#..........#....
. #..⌠..#...............
#.....#...............
##.....##..............
#######+########..........
....#...).#...............


You could see a deep elf pyromancer and a +2 vorpal halberd.

Vanquished Creatures
  Zenata (Elf:1)
  Jorgrun (D:12)
  Rupert (D:14)
  Gastronok (D:11)
  Nessos (Lair:5)
  An ettin (D:15)
  Fannar (Lair:2)
  6 hydras
  Erolcha (D:9)
  2 ogre magi
  3 boulder beetles
  7 centaur warriors
  2 catoblepae
  A tengu warrior (D:15)
  3 dancing weapons
  10 two-headed ogres
  An orc high priest (Orc:1)
  18 death yaks (Lair:5)
  Nergalle (Orc:1)
  4 skeletal warriors (D:12)
  2 deep elf knights (Elf:1)
  2 deep trolls (D:15)
  4 lindwurms
  An orb spider (Lair:3)
  A wizard (D:14)
  12 deep elf pyromancers
  9 deep elf zephyrmancers (Elf:1)
  A necromancer (D:15)
  4 deep elf archers (Elf:1)
  11 orc knights
  A wolf spider (Lair:5)
  6 manticores
  7 cyclopes
  14 ugly things
  10 elephants
  15 black mambas
  A guardian serpent (Lair:5)
  2 gargoyles
  An unseen horror (shapeshifter) (D:12)
  21 cane toads
  A torpor snail (Lair:5)
  An unseen horror (D:11)
  Psyche (D:8)
  Maggie (D:7)
  4 rime drakes
  An efreet (D:13)
  9 komodo dragons
  2 tengu conjurers
  A queen bee (shapeshifter) (D:13)
  3 meliai (D:15)
  16 trolls
  2 polar bears
  A tarantella (shapeshifter) (Elf:1)
  13 slime creatures
  3 hornets
  17 blink frogs
  5 dream sheep (Lair:5)
  A centaur simulacrum (D:15)
  15 wyverns
  3 shadows
  A wraith (D:10)
  3 vampires
  4 water elementals
  A human (shapeshifter) (D:10)
  Grum (Lair:1)
  34 yaks
  8 basilisks
  2 redbacks (Lair:5)
  2 steam dragons
  6 vampire mosquitoes
  7 wargs
  2 acid dragons (D:10)
  A swamp drake (Lair:2)
  18 water moccasins
  57 orc warriors
  2 ice beasts
  A black bear (D:8)
  A sky beast (D:7)
  10 ogres
  11 wolves
  21 centaurs
  A phantom (D:5)
  2 kobold brigands
  15 bullfrogs
  2 necrophages (D:6)
  13 wights
  6 howler monkeys (D:9)
  6 electric eels
  A jelly (D:4)
  31 orc priests
  4 hounds
  Ijyb (D:3)
  Natasha (thrice) (D:4)
  6 iguanas
  29 orc wizards
  7 adders
  14 gnolls
  2 shadow imps
  A white imp (D:6)
  4 worms
  2 dart slugs
  126 orcs
  8 bats
  A bat zombie (D:11)
  4 endoplasms
  8 goblins
  5 hobgoblins
  9 jackals
  4 quokkas
  2 ball pythons (D:1)
  7 frilled lizards
  11 kobolds
  4 rats (D:1)
  A butterfly (Lair:4)
824 creatures vanquished.

Vanquished Creatures (others)
  A deep elf archer (Elf:1)
  An iguana (Lair:1)
  An orc (Orc:2)
  A bush (Lair:5)
  56 fungi
  93 plants
  4 toadstools (Lair:1)
  11 withered plants (D:1)
168 creatures vanquished.

Grand Total: 992 creatures vanquished

Notes
Turn   | Place    | Note
-------+----------+-------------------------------------------
     0 | D:1      | KamiKatze the Minotaur Berserker began the quest for the
                  | Orb.
     0 | D:1      | Reached XP level 1. HP: 19/19 MP: 0/0
    95 | D:1      | Reached skill level 4 in Axes
   140 | D:1      | Reached XP level 2. HP: 4/27 MP: 1/1
   369 | D:1      | Found Kapoogh's Assorted Antiques.
   578 | D:1      | Reached ** piety under Trog
   605 | D:1      | Found a faded altar of an unknown god.
   662 | D:1      | Reached XP level 3. HP: 31/33 MP: 2/2
   984 | D:1      | Bought an amethyst potion for 19 gold pieces
  1473 | D:1      | Bought a murky red potion for 19 gold pieces
  1473 | D:1      | Bought 2 fizzy coppery potions for 39 gold pieces
  1574 | D:3      | Reached skill level 5 in Axes
  1923 | D:3      | Reached XP level 4. HP: 41/41 MP: 3/3
  2047 | D:3      | Noticed Ijyb
  2062 | D:3      | Killed Ijyb
  2175 | D:1      | Bought a scroll labelled BUPLUS NOSMAES for 22 gold pieces
  2175 | D:1      | Bought a scroll labelled ZUDOLE FIG for 22 gold pieces
  2457 | D:4      | Reached skill level 5 in Fighting
  2457 | D:4      | Reached skill level 6 in Axes
  2457 | D:4      | Reached XP level 5. HP: 12/48 MP: 4/4
  2647 | D:4      | Found a staircase to the Ecumenical Temple.
  2655 | Temple   | Entered the Ecumenical Temple
  2780 | D:4      | Noticed Natasha
  2934 | D:4      | Found a hide-covered altar of Uskayaw.
  2961 | D:4      | Killed Natasha
  2961 | D:4      | Reached *** piety under Trog
  2962 | D:4      | Reached skill level 7 in Axes
  2962 | D:4      | Reached XP level 6. HP: 42/56 MP: 5/5
  2972 | D:4      | Found a bloodstained altar of Trog.
  3016 | D:4      | Found a radiant altar of Vehumet.
  3048 | D:4      | Noticed Natasha
  3061 | D:4      | Killed Natasha
  3174 | D:4      | Noticed Natasha
  3180 | D:4      | Killed Natasha
  3293 | D:4      | Found a snail-covered altar of Cheibriados.
  3424 | D:4      | Found a sparkling altar of Nemelex Xobeh.
  3576 | D:5      | Entered Level 5 of the Dungeon
  3599 | D:5      | Reached skill level 8 in Axes
  3599 | D:5      | Reached XP level 7. HP: 59/63 MP: 6/6
  3620 | D:5      | Found Boaderche's Antique Armour Shoppe.
  3662 | D:5      | Identified the +4 sling of the Blowfly {venom, Int+2}
  3678 | D:5      | Found Tohum's General Store.
  3906 | D:5      | Found Daetoi Baph's Jewellery Shop.
  4154 | D:5      | Reached skill level 9 in Axes
  4189 | D:5      | Found Fihott's Antique Weapon Shoppe.
  4451 | D:6      | Reached skill level 1 in Throwing
  4536 | D:6      | Reached skill level 1 in Evocations
  4628 | D:6      | Noticed a steam dragon
  4640 | D:6      | Killed a steam dragon
  4641 | D:6      | Reached XP level 8. HP: 70/70 MP: 7/7
  4748 | D:6      | Reached skill level 10 in Axes
  5231 | D:6      | Reached XP level 9. HP: 59/79 MP: 8/8
  5235 | D:6      | Reached skill level 11 in Axes
  5450 | D:7      | Noticed Maggie
  5458 | D:7      | Killed Maggie
  5459 | D:7      | Reached skill level 5 in Armour
  5533 | D:7      | Reached **** piety under Trog
  5558 | D:7      | Reached skill level 5 in Dodging
  6127 | D:5      | Bought a scroll of brand weapon for 133 gold pieces
  6266 | D:8      | Reached skill level 12 in Axes
  6370 | D:8      | Found a staircase to the Lair.
  6381 | D:8      | Reached skill level 1 in Shields
  6385 | D:8      | Identified the +2 pair of gloves of Howling Wind {rElec
                  | Int+2 Dex+9 Stlth+}
  6540 | D:8      | Noticed a two-headed ogre
  6563 | D:8      | Killed a two-headed ogre
  6564 | D:8      | Reached XP level 10. HP: 90/90 MP: 9/9
  6675 | D:8      | Found a stormy altar of Qazlal.
  6789 | D:8      | Noticed Psyche
  6803 | D:8      | Killed Psyche
  6859 | D:9      | Noticed Erolcha
  6863 | D:9      | Killed Erolcha
  6864 | D:9      | Reached skill level 13 in Axes
  7049 | D:9      | Found a staircase to the Orcish Mines.
  7198 | D:9      | Noticed a two-headed ogre
  7215 | D:9      | Killed a two-headed ogre
  7312 | D:9      | Reached XP level 11. HP: 63/97 MP: 10/10
  7641 | D:10     | Entered Level 10 of the Dungeon
  7652 | D:10     | Noticed a deep elf pyromancer
  7664 | D:10     | Killed a deep elf pyromancer
  7665 | D:10     | Reached skill level 14 in Axes
  7665 | D:10     | Reached skill level 5 in Shields
  7712 | D:10     | Noticed an ogre mage
  7722 | D:10     | Killed an ogre mage
  8056 | D:10     | Reached skill level 10 in Fighting
  8321 | D:10     | Noticed an obsidian statue
  8486 | D:10     | Found Mahon's Antique Weapon Emporium.
  8749 | D:10     | Found a broken altar of Ashenzari.
  9105 | Lair:1   | Entered Level 1 of the Lair of Beasts
  9111 | Lair:1   | Noticed Grum
  9118 | Lair:1   | Reached ***** piety under Trog
  9163 | Lair:1   | Killed Grum
  9164 | Lair:1   | Reached skill level 15 in Axes
  9585 | Lair:1   | Reached XP level 12. HP: 92/107 MP: 11/11
  9628 | Lair:1   | Identified the +8 lajatang "Laphucua" {vorpal, rC+ rN+++
                  | rCorr Str-3}
  9684 | Lair:1   | Noticed a catoblepas
  9704 | Lair:1   | Found a runed translucent door.
 10048 | Lair:2   | Found a staircase to the Swamp.
 10061 | Lair:2   | Noticed a five-headed hydra
 10195 | Lair:2   | Noticed Fannar
 10806 | Lair:2   | Killed Fannar
 10874 | Lair:2   | Killed a five-headed hydra
 11236 | Lair:3   | Received a gift from Trog
 11400 | Lair:3   | Reached skill level 16 in Axes
 11469 | Lair:3   | Reached skill level 10 in Armour
 11917 | Lair:3   | Found a hole to the Spider Nest.
 12349 | D:5      | Bought the amulet of Zararch {Regen+ Slay+2} for 544 gold
                  | pieces
 12606 | Lair:4   | Noticed a catoblepas
 12639 | Lair:4   | Killed a catoblepas
 12676 | Lair:4   | Reached skill level 10 in Shields
 12686 | Lair:4   | Reached XP level 13. HP: 116/116 MP: 12/12
 12890 | Lair:4   | Found a glowing silver altar of Zin.
 13449 | Lair:5   | Entered Level 5 of the Lair of Beasts
 13632 | Lair:5   | Found a staircase to the Slime Pits.
 13690 | Lair:5   | Noticed Nessos
 13726 | Lair:5   | Reached skill level 17 in Axes
 13726 | Lair:5   | Reached skill level 10 in Dodging
 13784 | Lair:5   | Received a gift from Trog
 14593 | Lair:5   | Reached XP level 14. HP: 127/127 MP: 13/13
 15022 | Lair:5   | Killed Nessos
 15184 | Lair:5   | Reached skill level 5 in Evocations
 15346 | Lair:5   | Received a gift from Trog
 15762 | Orc:1    | Entered Level 1 of the Orcish Mines
 15935 | Orc:1    | Reached ****** piety under Trog
 16175 | Orc:1    | Received a gift from Trog
 16248 | Orc:1    | Noticed Nergalle
 16266 | Orc:1    | Killed Nergalle
 16449 | Orc:2    | Entered Level 2 of the Orcish Mines
 16477 | Orc:1    | Reached skill level 18 in Axes
 16557 | Orc:2    | Found a staircase to the Elven Halls.
 16775 | Orc:1    | Reached XP level 15. HP: 136/136 MP: 14/14
 16783 | Orc:2    | Received a gift from Trog
 17656 | Orc:2    | Found Daseroph's Weapon Shoppe.
 17656 | Orc:2    | Found Qaig's Distillery.
 17693 | Orc:2    | Received a gift from Trog
 17739 | Orc:2    | Found Byt Bee's Armour Shoppe.
 17739 | Orc:2    | Found Sajyckept's Weapon Shop.
 18485 | D:11     | Noticed Gastronok
 18504 | D:11     | Killed Gastronok
 19646 | D:5      | Bought a pair of runed boots for 202 gold pieces
 19828 | D:12     | Noticed Jorgrun
 19844 | D:12     | Killed Jorgrun
 20066 | D:12     | Found a runed translucent gate.
 20067 | D:12     | Found a runed translucent gate.
 20068 | D:12     | Found a runed translucent gate.
 20069 | D:12     | Noticed EarthwalkerPL's ghost (journeyman FoFi)
 20154 | D:13     | Received a gift from Trog
 20356 | D:13     | Reached skill level 15 in Shields
 20404 | D:13     | Found a gate to the Vaults.
 20441 | D:13     | Found Ynesier's Magic Scroll Shop.
 20490 | D:13     | Bought a scroll of blinking for 97 gold pieces
 20909 | D:11     | Found an ancient bone altar of Kikubaaqudgha.
 21192 | D:14     | Noticed Rupert
 21201 | D:14     | Killed Rupert
 21487 | D:14     | Reached XP level 16. HP: 134/146 MP: 15/15
 21990 | D:15     | Entered Level 15 of the Dungeon
 22043 | D:15     | Found a staircase to the Depths.
 22057 | D:15     | Received a gift from Trog
 22445 | D:15     | Reached skill level 19 in Axes
 23116 | D:5      | Bought a distressingly furry plate armour for 756 gold
                  | pieces
 23116 | D:5      | Identified the +0 plate armour of Arinilun {Dex+4} (You
                  | bought it in a shop on level 5 of the Dungeon)
 23260 | Elf:1    | Entered Level 1 of the Elven Halls
 23355 | Elf:1    | Found Nabaoff's Weapon Boutique.
 23380 | Elf:1    | Noticed Zenata
 23395 | Elf:1    | Killed Zenata
 23493 | Elf:1    | Slain by a +2 vorpal halberd

Illustrated notes

Levels and vault maps discovered:
D:1:      dpeg_arrival_subterranean_lakeside_camping, layout_basic,
          serial_shops, nicolae_shop_advertising_works
          [nicolae_subvault_shop_adworks], shapermc_ecumenical_altar_flowoftime,
          nrook_mini_backslash, minmay_misc_feat_enclosed
D:2:      layout_rooms
D:3:      layout_loops_ring, dk_noncrumbling_2, uniq_ijyb
D:4:      layout_loops_ring, kennysheep_slug_shrine,
          nemelex_xobeh_ov_fountains_minmay, nicolae_overflow_squiral,
          mainiacjoe_overflow_tiny_flanked, minmay_temple_entry_junction,
          corexii_shack, uniq_natasha
D:5:      layout_basic, serial_shops, nicolae_square_shop,
          nicolae_shop_behind_doors, shop, shop, nicolae_underground_beach
D:6:      layout_loops_cross, minmay_bent
D:7:      layout_loops_ring, uniq_maggie
D:8:      layout_gridville, mainiacjoe_overflow_boulevard,
          grunt_lair_entry_orc_guard_hut, uniq_psyche
D:9:      layout_long_grid, david_orc_3, uniq_erolcha
D:10:     minmay_diamond_stairs, layout_small_grid, nicolae_ashenzari_skybound,
          serial_shops, kennysheep_mini, amcnicky_mini_rare_corridor_liquid,
          chequers_serial_rivers_marsh, minivault_16
D:11:     layout_basic, lemuel_zombie_altar_kikubaaqudgha, uniq_gastronok
D:12:     layout_big_octagon, gammafunk_ghost_nasty_kobolds, uniq_jorgrun
D:13:     wad_river_or_something, layout_cave_pools, erik_vaults_1,
          serial_shops, shop
D:14:     layout_gridville, serial_rivers, chequers_serial_rivers_micro_b,
          chequers_serial_rivers_micro_e, chequers_serial_rivers_small_3,
          chequers_serial_rivers_micro_d, chequers_serial_rivers_micro_e,
          uniq_rupert
D:15:     hangedman_depths_entry_civil_slaughter, layout_gridville
Temple:   hellmonk_temple_of_storms
Lair:1:   gammafunk_lair_enchanted_lake, layout_regular_city,
          beast_lair_carwin_3, serial_bayou_shore_a, uniq_grum
Lair:2:   layout_hall_layers, minmay_swamp_entry_reptiles, beast_lair_carwin_1,
          uniq_fannar
Lair:3:   layout_regular_city, nicolae_spider_entry_orb_guardian,
          nzn_random_ring, lemuel_fruit_tree
Lair:4:   layout_loops_ring, basic_altar, lemuel_fruit_fields,
          serial_bayou_shore_b
Lair:5:   hangedman_lair_in_review, layout_cave_pods,
          hangedman_lair_tendril_chambers, slime_entry_1, uniq_nessos
Orc:1:    layout_caves, basic_altar, uniq_nergalle
Orc:2:    st_orc_town, layout_caves, basic_altar
Elf:1:    minmay_elf_arrival_plus, layout_gridlike,
          portal_desolation_entry_salt, serial_shops, nicolae_diamond_shop,
          hangedman_elven_crosses_minicolossus, uniq_zenata, uniq_frances

Skill      XL: |  1  2  3  4  5  6  7  8  9 10 11 12 13 14 15 16 |
---------------+-------------------------------------------------+-----
Axes           | 4 5 6 7 8 9 10 12 13 15 16 17 18 19 | 19.2
Fighting       | 4 5 6 7 8 9 10 11 12 13 14 | 14.7
Throwing       | 1 2 3 4 |  4.0
Evocations     | 1 3 4 6 7 8 |  8.2
Armour         | 3 4 6 7 9 10 11 12 13 | 13.8
Dodging        | 4 5 7 8 9 10 11 12 | 12.8
Shields        | 2 4 7 10 12 13 15 16 | 16.4

Action                   |  1- 3 |  4- 6 |  7- 9 | 10-12 | 13-15 | 16-18 || total
-------------------------+-------+-------+-------+-------+-------+-------++-------
Melee: Hand axe          |   116 |   140 |   269 |   627 |  1032 |       ||  2184
       Headbutt          |    23 |    16 |    49 |   166 |   400 |    45 ||   699
       Punch             |     1 |       |     1 |     5 |       |       ||     7
       Morningstar       |       |       |       |     8 |    20 |       ||    28
       Broad axe         |       |       |       |       |   304 |   193 ||   497
Throw: Dart              |       |       |       |     1 |       |       ||     1
Invok: Berserk           |       |     6 |     5 |     3 |     6 |     1 ||    21
       Trog's Hand       |       |     1 |       |     5 |     2 |     1 ||     9
Evoke: Wand              |       |       |       |     9 |     6 |       ||    15
  Use: Potion            |       |     2 |       |       |       |       ||     2
       Scroll            |       |       |     8 |    14 |     4 |       ||    26
 Stab: Sleeping          |       |       |       |     1 |       |       ||     1
       Confused          |       |       |       |     2 |       |       ||     2
       Paralysed         |       |       |       |       |     5 |       ||     5
Armor: Animal skin       |     8 |       |       |       |       |       ||     8
       Ring mail         |    22 |    39 |    21 |       |       |       ||    82
       Leather armour    |     6 |       |       |       |       |       ||     6
       Skin              |       |    14 |       |       |       |       ||    14
       Scale mail        |       |       |    35 |   121 |       |       ||   156
       Chain mail        |       |       |       |    15 |   184 |       ||   199
       Plate armour      |       |       |       |       |   237 |    84 ||   321
Dodge: Dodged            |    60 |    47 |   103 |   252 |   488 |   106 ||  1056
Block: Other             |       |     2 |    36 |    38 |       |       ||    76
       Reflection        |       |       |     1 |     2 |       |       ||     3
       Kite shield       |       |       |       |   298 |   860 |   171 ||  1329
